 Dungeon Crawl Stone Soup version 0.31.0-12-g77e489cdc1 (webtiles) character file.

Game seed: 16740757672465244305

354 hawla the Chucker (level 6, -1/78 HPs)
             Began as a Minotaur Fighter on Feb 11, 2024.
             Incinerated by a bombardier beetle (3 damage)
             ... with a burning spray
             ... on level 4 of the Dungeon.
             The game lasted 00:05:28 (2707 turns).

hawla the Chucker (Minotaur Fighter)                Turns: 2707, Time: 00:05:29

Health: -1/78      AC: 23    Str: 26    XL:     6   Next: 35%
Magic:  5/5        EV:  2    Int: 10    God:
Gold:   121        SH: 10    Dex:  9    Spells: 5/5 levels left

rFire   . . .        a - +0 war axe
rCold   . . .        t - +2 kite shield
rNeg    . . .        g - melded +0 crystal plate armour
rPois   +            (helmet unavailable)
rElec   .            (cloak currently unavailable)
rCorr   .            (gloves currently unavailable)
SInv    .            (boots currently unavailable)
Will    .....        (no amulet)
Stlth   +            j - +6 ring of intelligence
HPRegen 0.33/turn    (no ring)
MPRegen 0.09/turn

%: no passive effects
@: brilliant, on fire, tree-form, hasted, glowing, very quick
A: stationary, stasis, torment immunity, boosted hp, (horns 3), (retaliatory
headbutt), strong 1
a: no special abilities


You were on level 4 of the Dungeon.
You were a tree.
You visited 1 branch of the dungeon, and saw 4 of its levels.

You collected 121 gold pieces.

Inventory:

Hand Weapons
 a - a +0 war axe (weapon)
Missiles
 e - 3 poisoned darts (quivered)
Armour
 g - a +0 crystal plate armour (melded)
 t - a +2 kite shield (worn)
Jewellery
 j - a +6 ring of intelligence (left branch)
 n - a ring of ice
 p - a ring of resist corrosion
Scrolls
 i - a scroll of revelation {unknown}
 k - a scroll of torment {unknown}
 m - 2 scrolls of teleportation {unknown}
 o - a scroll of amnesia {unknown}
 q - a scroll of immolation {unknown}
 s - a scroll of fog {unknown}
Potions
 b - 2 potions of attraction
 d - a potion of might
 f - a potion of brilliance
 r - a potion of haste


   Skills:
 - Level 4.0 Fighting
 - Level 2.4 Axes
 + Level 5.1 Throwing
 - Level 3.6 Armour
 - Level 2.0 Dodging
 - Level 5.0 Shields


You had 5 spell levels left.
You didn't know any spells.
Your spell library was empty.

Dungeon Overview and Level Annotations

Branches:
Dungeon (4/15)
 Temple: D:4-7

Altars:

Annotations:
D:4 2 transporters


Innate Abilities, Weirdness & Mutations

You are a tree.
Your roots penetrate the ground, keeping you stationary.
You cannot be teleported.
You are immune to unholy pain and torment.
Your maximum health is greatly increased.
Your equipment is partially melded.
((You have a pair of large horns on your head.))
((You reflexively headbutt those who attack you in melee.))
Your muscles are strong. (Str +4, Int/Dex -1)


Message History

You are on fire!
You are on fire!
You are on fire!
The liquid fire burns you! The liquid fire burns you!
The liquid fire burns you! The liquid fire burns you!
The liquid fire burns you!
Okay, then.
The liquid fire burns you!
Okay, then.
The liquid fire burns you!
* * * LOW HITPOINT WARNING * * *
The liquid fire burns you!
* * * LOW HITPOINT WARNING * * *
The liquid fire burns you!
* * * LOW HITPOINT WARNING * * *
The liquid fire burns you!
* * * LOW HITPOINT WARNING * * *
The liquid fire burns you!
* * * LOW HITPOINT WARNING * * *
The liquid fire burns you!
* * * LOW HITPOINT WARNING * * *
The liquid fire burns you!
* * * LOW HITPOINT WARNING * * *
The liquid fire burns you!
* * * LOW HITPOINT WARNING * * *
The liquid fire burns you!
* * * LOW HITPOINT WARNING * * *
Okay, then.
The air fills with toxic fumes!
As you read the scroll labelled SORGHIMIERPH, it crumbles to dust.
It was a scroll of poison.
The liquid fire burns you!
* * * LOW HITPOINT WARNING * * *
Unknown command.
The liquid fire burns you!
* * * LOW HITPOINT WARNING * * *
The liquid fire burns you!
You die...

. §§§ §§§§§§§§.. . §§§#
.§§§§§§#### #
§§§§§.§§§§§§#8P# ~~SS#
§.§§§.§§§§§§#..# ....#
.... §§§§§§#§§§§§#©!+
⌠...+
.....§§§§#§#§§§§§#..#
....#
#.....§§§§§§§§§§§§#8P#
~~~S#
#..##..###§§§§♣§§§§####
#####
#.......##§§###§§§§§§§.
.....
........##)##..§§§§§§§.
.....
#.......))).B(.§§§§§§§.
.....
..........###.§§§§§§§#
..... .#...!...#
##§§§§§§§# .....
###.....####§§§§§§§.
.....
#..........§§§§§§§.
.....
##..............$.#
....~


There were no monsters in sight!

Vanquished Creatures
  A sky beast (D:4)
  A scorpion (D:4)
  A bombardier beetle (D:4)
  An iguana (D:4)
  An orc wizard (D:4)
  5 adders
  A dart slug (D:1)
  9 orcs (D:4)
  4 bats
  11 endoplasms
  3 giant cockroaches
  7 goblins
  2 hobgoblins (D:4)
  A quokka (D:1)
  2 ball pythons (D:2)
  2 frilled lizards (D:2)
  8 kobolds
  4 rats
64 creatures vanquished.

Notes
Turn   | Place    | Note
-------+----------+-------------------------------------------
     0 | D:1      | hawla the Minotaur Fighter began the quest for the Orb.
     0 | D:1      | Reached XP level 1. HP: 19/19 MP: 0/0
    70 | D:1      | Reached skill level 1 in Dodging
   165 | D:1      | You fall into a shaft and drop 1 floor!
   183 | D:2      | Reached XP level 2. HP: 16/27 MP: 1/1
   346 | D:2      | Reached XP level 3. HP: 25/33 MP: 2/2
   951 | D:1      | Reached skill level 5 in Shields
  1324 | D:2      | Gained mutation: Your muscles are strong. (Str +4, Int/Dex
                  | -1) [potion of mutation]
  1324 | D:2      | Gained mutation: You have a pair of large horns on your
                  | head. [potion of mutation]
  1655 | D:3      | Reached XP level 4. HP: 40/40 MP: 3/3
  1891 | D:3      | Reached skill level 1 in Throwing
  2334 | D:4      | Found a transporter.
  2348 | D:4      | Reached XP level 5. HP: 46/46 MP: 4/4
  2624 | D:4      | Noticed a sky beast
  2659 | D:4      | Killed a sky beast
  2660 | D:4      | Reached XP level 6. HP: 34/52 MP: 5/5
  2674 | D:4      | Found a transporter.
  2690 | D:4      | Reached skill level 5 in Throwing
  2706 | D:4      | HP: 2/78 [burnt (3)]
  2707 | D:4      | Incinerated by a bombardier beetle

Illustrated notes

Levels and vault maps discovered:
D:1:      mrwooster_arrival_statue_3, layout_basic
D:2:      layout_basic, amethyst_killhole
D:3:      layout_basic, minmay_cut_off
D:4:      gammafunk_steamed_eel, layout_cave_pools, minitemple,
          corexii_corridor_pit, kennysheep_minor_cross, grunt_ministairs_14,
          serial_bayou_pond_b

Skill      XL: |  1  2  3  4  5  6 |
---------------+-------------------+-----
Dodging        | 2 |  2.0
Fighting       | 4 |  4.0
Shields        | 4 5 |  5.0
Throwing       | 2 4 5 |  5.1
Axes           | |  2.4
Armour         | |  3.6

Action                     |  1- 3 |  4- 6 || total
---------------------------+-------+-------++-------
  Melee: War axe           |    66 |    90 ||   156
         Headbutt          |    10 |    13 ||    23
    Use: Scroll            |     3 |     1 ||     4
         Potion            |     1 |     4 ||     5
 Armour: Crystal plate arm |    51 |    68 ||   119
         Scale mail        |     2 |       ||     2
  Dodge: Dodged            |    15 |     8 ||    23
  Block: Buckler           |     8 |     3 ||    11
         Kite shield       |       |    43 ||    43
